 Dungeon Crawl Stone Soup version 0.21.1-1-g345015fe64 (webtiles) character file.

315 KleinerIrrer the Vexing (level 6, 0/47 HPs)
             Began as a Gnoll Arcane Marksman on Mar 16, 2018.
             Slain by Grinder (1 damage)
             ... on level 4 of the Dungeon.
             The game lasted 00:13:28 (4285 turns).

KleinerIrrer the Vexing (Gnoll Arcane Marksman)     Turns: 4285, Time: 00:13:29

Health: 0/47       AC:  7    Str: 13    XL:     6   Next: 44%
Magic:  10/11      EV: 13    Int: 15    God:
Gold:   205        SH:  0    Dex: 17    Spells: 8/11 levels left

rFire    . . .     SeeInvis .   j - +0 spear
rCold    . . .     Gourm    .   (no shield)
rNeg     . . .     Faith    .   e - +0 ring mail
rPois    .         Spirit   .   m - +0 helmet
rElec    .         Reflect  .   (no cloak)
rCorr    .         Harm     .   d - +0 pair of gloves
MR       .....                  (no boots)
Stlth    +.........             (no amulet)
HPRegen  0.15/turn              (no ring)
MPRegen  0.12/turn              (no ring)

@: no status effects
A: distributed training, fangs 1, strong nose
a: no special abilities


You were on level 4 of the Dungeon.
You were hungry.

You visited 1 branch of the dungeon, and saw 4 of its levels.

You collected 205 gold pieces.

Inventory:

Hand Weapons
 a - a +0 blowgun
 i - a +0 club
 j - a +0 spear (weapon)
Missiles
 q - 26 bolts
 v - 6 tomahawks (quivered)
Armour
 d - a +0 pair of gloves (worn)
 e - a +0 ring mail (worn)
 m - a +0 helmet (worn)
Magical Staves
 p - an uncursed staff of cold {unknown}
Scrolls
 g - 4 scrolls of remove curse {unknown}
 k - a scroll of identify {unknown}
 r - a scroll of magic mapping {unknown}
 t - a scroll of fear {unknown}
 u - a scroll of teleportation {unknown}
Potions
 h - a potion of curing
 l - 2 potions of agility
 n - a potion of lignification
 o - a potion of brilliance
Books
 b - a book of Debilitation

   Spells                             Type                      Level
   a - Corona                         Hexes                        1
   b - Slow                           Hexes                        2
   c - Inner Flame                    Hexes/Fire                   3
   d - Portal Projectile              Hexes/Translocation          3
   e - Cause Fear                     Hexes                        4
   f - Leda's Liquefaction            Hexes/Earth                  4
Comestibles
 f - 8 rations


   Skills:
 + Level 3.2 Fighting
 + Level 1.9 Short Blades
 + Level 1.9 Long Blades
 + Level 1.9 Axes
 + Level 1.9 Maces & Flails
 + Level 1.9 Polearms
 + Level 1.9 Staves
 + Level 1.9 Slings
 + Level 1.9 Bows
 + Level 1.9 Crossbows
 + Level 5.0 Throwing
 + Level 1.9 Armour
 + Level 5.0 Dodging
 + Level 1.9 Stealth
 + Level 1.9 Shields
 + Level 1.9 Unarmed Combat
 + Level 3.4 Spellcasting
 + Level 1.5 Conjurations
 + Level 5.6 Hexes
 + Level 1.5 Charms
 + Level 1.5 Summonings
 + Level 1.5 Necromancy
 + Level 1.5 Translocations
 + Level 1.5 Transmutations
 + Level 1.5 Fire Magic
 + Level 1.5 Ice Magic
 + Level 1.5 Air Magic
 + Level 1.5 Earth Magic
 + Level 1.5 Poison Magic
 + Level 2.1 Invocations
 + Level 1.9 Evocations


You had 8 spell levels left.
You knew the following spells:

 Your Spells              Type           Power        Failure   Level  Hunger
a - Corona                Hex            ###....      4%          1    None
b - Slow                  Hex            ###.....     6%          2    ##.....


Dungeon Overview and Level Annotations

Branches:
Dungeon (4/15)
 Temple: D:4-7

Altars:
Elyvilon
Gozag
Okawaru
Uskayaw
Wu Jian
Xom

Annotations:
D:4 Grinder


Innate Abilities, Weirdness & Mutations

Your experience applies equally to all skills.
You have very sharp teeth.
Your uncanny sense of smell can sniff out nearby items.


Message History

Attack whom?
Press: ? - help, Dir - move target cursor, f/p - Grinder
Aim: Grinder (almost dead, slow)
You closely miss Grinder.
Grinder is almost dead.
Grinder closely misses you.
Attack whom?
Press: ? - help, Dir - move target cursor, f/p - Grinder
Aim: Grinder (almost dead, slow)
You closely miss Grinder.
Grinder is almost dead.
Attack whom?
Press: ? - help, Dir - move target cursor, f/p - Grinder
Aim: Grinder (almost dead, slow)
You barely miss Grinder.
Grinder is almost dead.
Grinder hits you!
* * * LOW HITPOINT WARNING * * *
You writhe in agony.
You die...

.............. .....<...
..............# ..$......
............##.### .........
...........# #...# #........
.......5...# ##..###........
..........# ##....##........
.........####.....##........
............[.....(.........
.......##..(.((.@5..........
......###...................
...#### #............#......
## #..########..#......
#..## ##.##...#. #.## ###
#.## #. ##


You could see Grinder.

Vanquished Creatures
  A phantom (D:3)
  3 worker ants
  Robin (D:2)
  4 adders (D:2)
  An ooze (D:1)
  2 worms (D:2)
  A dart slug (D:1)
  A leopard gecko (D:4)
  6 orcs
  11 bats
  8 giant cockroaches
  16 goblins
  12 hobgoblins
  2 jackals (D:3)
  5 kobolds
  2 ball pythons (D:2)
  8 frilled lizards
  7 rats
91 creatures vanquished.

Notes
Turn   | Place    | Note
-------+----------+-------------------------------------------
     0 | D:1      | KleinerIrrer the Gnoll Arcane Marksman began the quest for the Orb.
     0 | D:1      | Reached XP level 1. HP: 17/17 MP: 4/4
   110 | D:1      | Reached XP level 2. HP: 23/23 MP: 5/5
   318 | D:1      | Found a shimmering altar of Xom.
   469 | D:1      | Reached XP level 3. HP: 26/28 MP: 7/7
   816 | D:1      | Learned a level 2 spell: Slow
   918 | D:2      | Noticed Robin
   945 | D:2      | Reached skill level 1 in Invocations
   962 | D:2      | Killed Robin
   977 | D:2      | Reached skill level 1 in Short Blades
   977 | D:2      | Reached skill level 1 in Long Blades
   977 | D:2      | Reached skill level 1 in Axes
   977 | D:2      | Reached skill level 1 in Maces & Flails
   977 | D:2      | Reached skill level 1 in Polearms
   977 | D:2      | Reached skill level 1 in Staves
   977 | D:2      | Reached skill level 1 in Slings
   977 | D:2      | Reached skill level 1 in Bows
   977 | D:2      | Reached skill level 1 in Crossbows
   977 | D:2      | Reached skill level 1 in Armour
   977 | D:2      | Reached skill level 1 in Stealth
   977 | D:2      | Reached skill level 1 in Shields
   977 | D:2      | Reached skill level 1 in Unarmed Combat
   977 | D:2      | Reached skill level 1 in Evocations
  1055 | D:2      | Reached XP level 4. HP: 12/34 MP: 0/8
  1965 | D:2      | Reached skill level 1 in Conjurations
  1965 | D:2      | Reached skill level 1 in Charms
  1965 | D:2      | Reached skill level 1 in Summonings
  1965 | D:2      | Reached skill level 1 in Necromancy
  1965 | D:2      | Reached skill level 1 in Translocations
  1965 | D:2      | Reached skill level 1 in Transmutations
  1965 | D:2      | Reached skill level 1 in Fire Magic
  1965 | D:2      | Reached skill level 1 in Ice Magic
  1965 | D:2      | Reached skill level 1 in Air Magic
  1965 | D:2      | Reached skill level 1 in Earth Magic
  1965 | D:2      | Reached skill level 1 in Poison Magic
  2218 | D:2      | Reached XP level 5. HP: 25/40 MP: 5/9
  2594 | D:2      | Found an ornate altar of the Wu Jian Council.
  3185 | D:3      | Noticed a dagger
  3185 | D:3      | Noticed a hand axe
  3186 | D:3      | Found a hide-covered altar of Uskayaw.
  3214 | D:3      | Found an opulent altar of Gozag.
  3490 | D:3      | Found a white marble altar of Elyvilon.
  3490 | D:3      | Found an iron altar of Okawaru.
  3859 | D:4      | Noticed a phantom
  3952 | D:3      | Killed a phantom
  3952 | D:3      | Reached XP level 6. HP: 43/47 MP: 1/11
  4204 | D:4      | Noticed Grinder
  4208 | D:4      | Paralysed by Grinder for 3 turns
  4240 | D:4      | Reached skill level 5 in Throwing
  4240 | D:4      | Reached skill level 5 in Dodging
  4285 | D:4      | HP: 1/47 [Grinder (9)]
  4285 | D:4      | Slain by Grinder

Skill      XL: |  1  2  3  4  5  6 |
---------------+-------------------+-----
Invocations    | 1 2 |  2.1
Short Blades   | 1 |  1.9
Long Blades    | 1 |  1.9
Axes           | 1 |  1.9
Maces & Flails | 1 |  1.9
Polearms       | 1 |  1.9
Staves         | 1 |  1.9
Slings         | 1 |  1.9
Bows           | 1 |  1.9
Crossbows      | 1 |  1.9
Armour         | 1 |  1.9
Stealth        | 1 |  1.9
Shields        | 1 |  1.9
Unarmed Combat | 1 |  1.9
Evocations     | 1 |  1.9
Spellcasting   | 3 |  3.4
Conjurations   | 1 |  1.5
Charms         | 1 |  1.5
Summonings     | 1 |  1.5
Necromancy     | 1 |  1.5
Translocations | 1 |  1.5
Transmutations | 1 |  1.5
Fire Magic     | 1 |  1.5
Ice Magic      | 1 |  1.5
Air Magic      | 1 |  1.5
Earth Magic    | 1 |  1.5
Poison Magic   | 1 |  1.5
Fighting       | 3 |  3.2
Throwing       | 5 |  5.0
Dodging        | 5 |  5.0
Hexes          | |  5.6

Action                   |  1- 3 |  4- 6 || total
-------------------------+-------+-------++-------
Melee: Spear             |    91 |   310 ||   401
       Unarmed           |     7 |       ||     7
       Bite              |    13 |    28 ||    41
       Punch             |       |     1 ||     1
 Fire: Blowgun           |       |     7 ||     7
Throw: Javelin           |    14 |    11 ||    25
       Throwing net      |     1 |     1 ||     2
       Tomahawk          |       |     1 ||     1
 Cast: Slow              |     7 |    16 ||    23
       Corona            |       |    13 ||    13
  Use: Potion            |     2 |     4 ||     6
 Stab: Sleeping          |     2 |       ||     2
       Held in net/web   |       |     2 ||     2
  Eat: Chunk             |       |    12 ||    12
Armor: Robe              |     3 |       ||     3
       Ring mail         |    13 |    64 ||    77
Dodge: Dodged            |    40 |   205 ||   245
